Cogmind - Beta 13 @@@ ROGUE MODE // 2024.04.01 @ 17:21:27 Player: zsh Result: Core destroyed Performance ------------- Evolutions (2) 1000 Regions Visited (3) 600 Robots Destroyed (29) 145 Value Destroyed (589) 589 Prototype IDs (0) 0 Alien Tech Used (0) 0 Bonus (0) 0 TOTAL SCORE: 2334 Bonus ------- None Cogmind --------- Core Integrity 0/550 Matter 156/300 Energy 232/275 System Corruption 0% Temperature Critical (628) Movement Core (350) Ox6 Location -8/Materials Parts ------- > --- POWER (2) -------- Deuterium Engine > --- PROPULSION (2) --- Aluminum Leg Titanium Leg > --- UTILITY (4) ------ Improved Sensor Array Seismic Detector > --- WEAPON (3) ------- Medium Laser Flak Cannon > --- INVENTORY (5) ---- Deuterium Engine Light Treads System Shield Grenade Launcher Improved Datajack Peak State ------------ > --- POWER ------------ Deuterium Engine Deuterium Engine > --- PROPULSION ------- Aluminum Leg Titanium Leg > --- UTILITY ---------- Improved Sensor Array Seismic Detector Hardened Medium Armor Plating Hardened Medium Armor Plating > --- WEAPON ----------- Particle Gun Flak Cannon Improved Datajack > --- INVENTORY -------- Deuterium Engine Light Treads System Shield Medium Laser Grenade Launcher [Rating: 28] Favorites ----------- Power Deuterium Engine Engine Deuterium Engine Propulsion Aluminum Leg Treads Light Treads Leg Aluminum Leg Hover Unit Hover Unit Utility Seismic Detector Device Seismic Detector Storage Small Matter Pod Protection Hardened Medium Armor Plating Weapon Medium Laser Energy Gun Medium Laser Ballistic Cannon Flak Cannon Launcher Grenade Launcher Special Melee Weapon Datajack Build | -11 -10 -9 -8 ------- Run | Yrd Mat Mat Mat Slots Evolved 4 | . . 2 2 Power 1 | . . 1 . Propulsion . | . . . . Utility 2 | . . . 2 Weapon 1 | . . 1 . Parts Attached 34 | 7 12 10 5 Power 5 | 1 1 3 . Engine 5 | 1 1 3 . Core . | . . . . Reactor . | . . . . Propulsion 7 | 2 2 2 1 Treads 1 | . . 1 . Leg 4 | 2 . 1 1 Wheel . | . . . . Hover 2 | . 2 . . Flight . | . . . . Utility 8 | 2 1 3 2 Device 4 | 1 . 2 1 Storage 1 | 1 . . . Processor . | . . . . Hackware . | . . . . Protection 3 | . 1 1 1 Artifact . | . . . . Weapon 14 | 2 8 2 2 Energy Gun 7 | 2 3 1 1 Energy Cannon . | . . . . Ballistic Gun . | . . . . Ballistic Cannon 1 | . . 1 . Launcher 2 | . 2 . . Special Weapon . | . . . . Impact Weapon . | . . . . Slashing Weapon . | . . . . Piercing Weapon . | . . . . Special Melee Weapon 4 | . 3 . 1 Unidentified Prototypes . | . . . . Parts Lost 7 | . 3 1 3 Power 2 | . 1 . 1 Propulsion . | . . . . Utility 3 | . 1 . 2 Weapon 2 | . 1 1 . Highest Loss Streak 3 | . 2 1 3 To Critical Strikes . | . . . . Average Slot Usage (%) 95 | . 97 92 97 Engine 18 | . 13 22 17 Treads 2 | . . 6 1 Leg 9 | . 11 3 16 Hover 9 | . 16 9 . Device 13 | . 14 11 18 Storage 2 | . 7 . . Protection 10 | . 6 10 17 Energy Gun 20 | . 20 22 16 Ballistic Cannon 5 | . . 6 9 Launcher 2 | . 5 . . Naked Turns . | . . . . Heaviest Build 47 | 9 13 38 47 Greatest Support 27 | 20 20 20 27 Greatest Overweight (x) 11 | . 2 3 11 Average Overweight (x) . | . . 1 1 Largest Inventory Capacity 5 | 5 5 5 5 Average Capacity 5 | 5 5 5 5 Most Carried 5 | 3 5 5 5 Average Carried 4 | 2 3 4 4 Final Capacity 5 | 5 5 5 5 Final Carried 5 | 3 5 5 5 Class Distribution -------------------- 44% | Tank 31% | Scavenger-Mutant 20% | Mutant 3% | Scavenger-Tank Dominant Class ---------------- Scavenger-Mutant | -10/Materials Tank | -9/Materials Tank | -8/Materials Resources | -11 -10 -9 -8 ----------- Run | Yrd Mat Mat Mat Matter Collected 606 | 285 93 157 71 Remotely . | . . . . Salvage Created 686 | 126 210 169 181 Parts 58 | 11 14 13 20 Haulers Intercepted . | . . . . Recyclers Shooed 4 | . 1 1 2 Parts Field Recycled . | . . . . Retrieved Matter . | . . . . Parts Self-Destructed . | . . . . Prevented . | . . . . Kills | -11 -10 -9 -8 ------- Run | Yrd Mat Mat Mat Combat Hostiles Destroyed 16 | 1 4 6 5 Guns 12 | 1 3 4 4 Cannons 3 | . . 2 1 AOE 1 | . 1 . . Classes Destroyed 7 | 3 2 2 . Worker 3 | 1 . . 2 Tunneler 4 | 4 . . . Operator 1 | . 1 . . Watcher 5 | . 1 1 3 Swarmer 7 | . . 3 4 Grunt 6 | 1 4 1 . Sentry 3 | . . 2 1 Best Kill Streak 8 | 5 4 4 8 Combat Bots Only 5 | 1 3 3 5 Max Kills in Single Turn 2 | 1 1 1 2 Gunslinging . | . . . . Exploded 1 | . 1 . . Melee . | . . . . Uniques/NPCs Destroyed . | . . . . Combat | -11 -10 -9 -8 -------- Run | Yrd Mat Mat Mat Hostile Shots Fired 150 | 2 28 43 77 Missed 30 | 1 8 11 10 Damage Taken 1825 | 10 280 358 1177 Core 679 | . 43 72 564 Absorbed by Shields . | . . . . Core Remaining (%) 88 | 100 82 82 . Volleys Fired 83 | 9 21 35 18 Largest 3 | 2 2 3 3 Hottest 159 | 90 95 159 159 Shots Fired 149 | 18 35 45 51 Gun 122 | 18 33 38 33 Cannon 25 | . . 7 18 Launcher 2 | . 2 . . Special . | . . . . Kinetic 25 | . . 7 18 Thermal 98 | 9 18 38 33 Explosive 2 | . 2 . . Electromagnetic 24 | 9 15 . . Robot Hit Streak 8 | 7 8 6 7 Robot Miss Streak 12 | 1 2 5 12 Penetration Max . | . . . . Secondary Targets . | . . . . Shots Hit Robots 84 | 12 23 23 26 Core Hits 55 | 7 11 13 24 Critical Kills . | . . . . Critical Parts Destroyed . | . . . . Critical Strikes 5 | 1 . 2 2 Burn 5 | 1 . 2 2 Melee Attacks 5 | . 4 . 1 Impact . | . . . . Slashing . | . . . . Piercing . | . . . . Sneak Attacks 3 | . 3 . . Combat Hostiles . | . . . . Follow-up Attacks . | . . . . Damage Inflicted 1363 | 150 386 339 488 Guns 856 | 150 247 222 237 Cannons 368 | . . 117 251 Explosions 122 | . 122 . . Melee . | . . . . Ramming 17 | . 17 . . Kinetic 368 | . . 117 251 Thermal 708 | 61 188 222 237 Explosive 62 | . 62 . . Electromagnetic 208 | 89 119 . . Impact . | . . . . Slashing . | . . . . Piercing . | . . . . Highest Corruption 2 | . 2 . . Average Corruption 2 | . 2 . . Corruption Purged . | . . . . Corruption Blocked . | . . . . Effects 1 | . 1 . . Matter Fused 1 | . 1 . . Overload Shots . | . . . . Overflow Damage . | . . . . Projectiles . | . . . . Explosions . | . . . . Melee . | . . . . Knockbacks 8 | . . 2 6 Impact . | . . . . Kinetic 8 | . . 2 6 Secondary . | . . . . Self-Inflicted Damage 19 | . 19 . . Shots 1 | . 1 . . Rammed 2 | . 2 . . Targets Rammed 2 | . 2 . . Kicked . | . . . . Crushed . | . . . . Highest Temperature 1227 | 90 293 371 1227 Average Temperature 242 | 37 114 132 460 Received Heat Transfer 291 | 6 144 87 54 Effects 49 | . . 6 43 Shutdowns 10 | . . . 10 Energy Bleed 11 | . . 1 10 Interference 6 | . . 4 2 Matter Decay 3 | . . . 3 Short Circuit 2 | . . 1 1 Damage (minor) 4 | . . . 4 Damage (major) 7 | . . . 7 Damage (core) 6 | . . . 6 Siege Activations . | . . . . Robots Corrupted . | . . . . Combat Hostiles . | . . . . Parts Fried 1 | 1 . . . Impact Corruptions . | . . . . Robots Melted . | . . . . Combat Hostiles . | . . . . Parts Melted 4 | . 1 1 2 Heat Transferred 2320 | 259 470 777 814 Parts Sabotaged . | . . . . Parts Stolen . | . . . . Parts Stripped . | . . . . Power Chain Reactions 1 | . 1 . . Alert | -11 -10 -9 -8 ------- Run | Yrd Mat Mat Mat Peak Influence 192 | 46 166 192 188 Initial 29 | . 29 . 25 Average 63 | 16 76 69 54 Maximum Alert Level . | . . . . Low Security (%) 100 | 100 100 100 100 Level 1 . | . . . . Level 2 . | . . . . Level 3 . | . . . . Level 4 . | . . . . Level 5 . | . . . . High Security . | . . . . Max Security . | . . . . Squads Dispatched 3 | . 1 1 1 Investigation 1 | . 1 . . Extermination . | . . . . Reinforcement 1 | . . 1 . Assault . | . . . . Garrison 1 | . . . 1 Intercept . | . . . . Searches Triggered . | . . . . Construction Impeded . | . . . . Haulers Reinforced . | . . . . Active Scanning Responses . | . . . . Cargo Convoy Interrupts . | . . . . Stealth | -11 -10 -9 -8 --------- Run | Yrd Mat Mat Mat Distress Signals 1 | . . . 1 Communications Jammed . | . . . . Distress Signals . | . . . . Times Spotted 34 | 1 8 13 12 Peak Tracking Total 6 | 1 3 5 6 Tactical Retreats 2 | . 1 1 . Traps | -11 -10 -9 -8 ------- Run | Yrd Mat Mat Mat Traps Triggered 1 | . 1 . . Indirectly . | . . . . Trap Hack Attempts . | . . . . Triggered . | . . . . Disarmed . | . . . . Reprogrammed . | . . . . Reused . | . . . . Traps Extracted . | . . . . Installed . | . . . . Triggered . | . . . . Machines | -11 -10 -9 -8 ---------- Run | Yrd Mat Mat Mat Machines Disabled . | . . . . Max in Single Turn . | . . . . Machines Repaired . | . . . . Machines Dismantled . | . . . . Machines Sabotaged . | . . . . Overloaded Fab Kills . | . . . . Hacking | -11 -10 -9 -8 --------- Run | Yrd Mat Mat Mat Machines Accessed 4 | . 1 1 2 Terminals 3 | . . 1 2 Fabricators . | . . . . Repair Stations 1 | . 1 . . Recycling Units . | . . . . Scanalyzers . | . . . . Garrison Access . | . . . . Total Hacks 9 | . 2 2 5 Successful 6 | . 1 2 3 Failed 3 | . 1 . 2 Catastrophic . | . . . . Database Lockouts . | . . . . Manual . | . . . . Terminals 7 | . . 2 5 Fabricators . | . . . . Repair Stations 2 | . 2 . . Recycling Units . | . . . . Scanalyzers . | . . . . Garrison Access . | . . . . Terminal Hacks 5 | . . 2 3 Robot Analysis 1 | . . 1 . Emergency Access Points 1 | . . . 1 Reinforcement Status 1 | . . . 1 Hauler Manifests 1 | . . 1 . Registered Components 1 | . . . 1 Fabricator Hacks . | . . . . Repair Station Hacks 1 | . 1 . . Scan Component 1 | . 1 . . Recycling Unit Hacks . | . . . . Scanalyzer . | . . . . Garrison Access Hacks . | . . . . Unauthorized Hacks . | . . . . Terminals . | . . . . Fabricators . | . . . . Repair Stations . | . . . . Recycling Units . | . . . . Scanalyzers . | . . . . Garrison Access . | . . . . Data Cores Recovered 1 | . 1 . . Used . | . . . . Hacking Detections 2 | . 1 . 1 Full Trace Events . | . . . . Feedback Events . | . . . . Feedback Blocked . | . . . . Robot Schematics Acquired . | . . . . Robots Built . | . . . . Authchips . | . . . . Time . | . . . . Total Robot Build Rating . | . . . . Part Schematics Acquired . | . . . . Parts Built . | . . . . Authchips . | . . . . Time . | . . . . Total Part Build Rating . | . . . . Parts Repaired . | . . . . Time . | . . . . Parts Recycled . | . . . . Recycled Matter . | . . . . Retrieved Matter . | . . . . Retrieved Components . | . . . . Parts Scanalyzed . | . . . . Part Schematics Acquired . | . . . . Parts Damaged . | . . . . Bothacking | -11 -10 -9 -8 ------------ Run | Yrd Mat Mat Mat Used RIF Installer . | . . . . Robots Hacked 4 | . 3 . 1 Non-combat 4 | . 3 . 1 Combat . | . . . . Robot Hacks Applied 5 | . 4 . 1 parse_system 3 | . 2 . 1 no_distress 1 | . 1 . . find_recycling 1 | . 1 . . Relay Couplers Released . | . . . . Fabnet Peak Effective % . | . . . . Robots Rewired . | . . . . Allies Hacked . | . . . . Hacks Repelled . | . . . . Allies | -11 -10 -9 -8 -------- Run | Yrd Mat Mat Mat Total Allies . | . . . . Largest Group . | . . . . Highest-Rated Group . | . . . . Highest-Rated Ally . | . . . . Total Orders . | . . . . Ally Attacks . | . . . . Total Damage . | . . . . Kills . | . . . . Allies Corrupted . | . . . . Allies Melted . | . . . . Intel | -11 -10 -9 -8 ------- Run | Yrd Mat Mat Mat Robot Analysis Total 1 | . . 1 . Derelict Logs Recovered . | . . . . Drone Launches . | . . . . Drone Recoveries . | . . . . Exploration | -11 -10 -9 -8 ------------- Run | Yrd Mat Mat Mat Turns Passed 1698 | 152 488 658 400 Spaces Moved 802 | 105 358 222 117 Core 22 | 20 1 . 1 Treads 154 | . . 140 14 Legs 303 | 85 113 3 102 Wheels . | . . . . Hover 323 | . 244 79 . Flight . | . . . . Fastest Speed 50 | 50 56 160 195 Average Speed 154 | 106 104 224 213 Slowest Speed 600 | 120 180 330 600 Overloaded Moves . | . . . . Propulsion Burnouts . | . . . . Robots Hopped . | . . . . Cave-ins Triggered . | . . . . Exploration Rate (%) 18 | 5 36 19 12 Regions Visited 3 Branch Regions . Pre-discovered Areas . | . . . . Known Exits Taken . | . . . . Unknown Exits Taken 3 | 1 1 1 . Scrap Searched . | . . . . Spaces Dug . | . . . . Terrain Destroyed 23 | . 23 . . Melee . | . . . . Projectile . | . . . . AOE 23 | . 23 . . Terrain Rammed . | . . . . Walls Destroyed . | . . . . Machines Disabled . | . . . . Actions | -11 -10 -9 -8 --------- Run | Yrd Mat Mat Mat Total 1122 | 123 432 340 227 Wait 168 | . 26 59 83 Move 799 | 104 357 221 117 Hop . | . . . . Pick Up 18 | 3 5 8 2 Fast Attach 13 | 7 4 2 . Attach 10 | . 2 6 2 Detach 1 | . 1 . . Swap 11 | . 6 2 3 Drop 12 | . 4 7 1 Fire 83 | 9 21 35 18 Melee 5 | . 4 . 1 Ram 2 | . 2 . . Kick . | . . . . Crush . | . . . . Escape Stasis . | . . . . Rewire . | . . . . Trap . | . . . . Miscellaneous . | . . . . Route ------- -11/Scrapyard -10/Materials -9/Materials -8/Materials History --------- Turn | Location | Event 2 | -11/Scrapyard | Met Revision 17 83 | -11/Scrapyard | Discovered new exit (range 8) 153 | -11/Scrapyard | Entered Materials 305 | -10/Materials | Build established: Mutant 535 | -10/Materials | Discovered new exit (range 16) 626 | -10/Materials | Build established: Scavenger-Mutant 641 | -10/Materials | Entered another Materials area 641 | -9/Materials | Evolved 2 slots: Power x1, Weapon x1 1222 | -9/Materials | Build established: Tank 1236 | -9/Materials | Discovered new exit (range 5) 1299 | -9/Materials | Entered another Materials area 1299 | -8/Materials | Evolved 2 slots: Utility x2 1670 | -8/Materials | Core integrity fell below 50% 1697 | -8/Materials | Core integrity fell below 20% 1700 | -8/Materials | Core destroyed Last Messages --------------- Hrd. Medium Armor Plating destroyed. K-01 Serf collects debris. Overheating: Deuterium Engine damaged (-14). Acquired 25 matter. Penetrated by Slug. Overheating: Core damaged (-77). Hrd. Medium Armor Plating destroyed. R-06 Scavenger collects Sml. Matter Pod. K-01 Serf collects debris. R-06 Scavenger collects Broken Particle Gun. K-01 Serf collects debris. Y-45 Defender emerges from the garrison. Overheating: Deuterium Engine damaged (-36). Overheating: Titanium Leg damaged (-2). Overheating: Core damaged (-82). Deuterium Engine destroyed. K-01 Serf collects debris. Overheating: Energy bleed (-27). R-06 Scavenger collects Imp. Ion Engine. Overheating: Core damaged (-66). Map ----- +----------------------------------------------------+ | ?????????????????????????????????????????????????? | | ?????????????????????????????????????????????????? | | ?????????????????????????????????????????????????? | | ?????????????????????????????????????????????????? | | ?????????????????????????????????????????????????? | | ?????????????????????????????????????????????????? | | ?????????????????????????????????????????????????? | | ?????????????????????????????????????????????????? | | ?????????????????????????????????????????????????? | | ?????????????????????????????????????????????????? | | ?????????????????????????????????????????????????? | | ?????????????????????????????????????????????!???? | | ?????????????????????????????????????????????????? | | ?????????????????????????????????????????????????? | | ?????????????????????????????????????????????????? | | ?????????????????????????????????????????????????? | | ?????????????????????????????????????????????????? | | ???????????????????????????????? ? ?w???????????? | | ???????????????????????????????"" ??????????? | | ??????????????????????????????"G" ??????????? | | ????????????????????????????? " " a ???????????? | | ???????????????????????????? ggh ""???????????? | | ????????#######+############%Y k ""???????????? | | ??????? a=[*% """??????????? | | ??????? rk!%*= ????????? | | ??????? @!% ! ????????? | | ??????????????######## ####+######???????????????? | | ?????????????????????# #?????????????????????????? | | ?????????????????????# #?????????????????????????? | | ?????????????????????# #?????????????????????????? | | ?????????????????????# #?????????????????????????? | | ?????????????????????# #?????????????????????????? | | ?????????????????????# #?????????????????????????? | | ?????????????????????# #?????????????????????????? | | ?????????????????????#+#########?????????????????? | | ?????????????????????# T #?????????????????? | | ?????????????????????# """ #?????????????????? | | ?????????????????????# """ #?????????????????? | | ?????????????????????# """ #?????????????????? | | ?????????????????????# #?????????????????? | | ?????????????????????# #?????????????????? | | ?????????????????????# #?????????????????? | | ?????????????????????# #????#######??????? | | ??????????????##### ######+########## #??????? | | ??????????? #??????? | | ??????????? #??????? | | ??????????? #??????? | | ????????????################### #??????? | | ??????????????????????????????# """ ##??????? | | ??????????????????????????????# """"" #???????? | +----------------------------------------------------+ Best States ------------- Heat Dissipation 31 Energy Generation 23 Energy Capacity 450 Matter Stores 350 Matter Capacity 350 Sight Range 16 Robot Scan Range 15 Terrain Scan Density 10 Armor Coverage 450 Evasion (%) 55 Recoil Reduction 1 Item Schematics ----------------- None Robot Schematics ------------------ None Fabricated ------------ Nothing Alien Tech Used ----------------- None Achievements -------------- Shopping List Storm Trooper Challenges ------------ None Game ------ Seed WardroneChargeSpoofer Manual? 0 Play Time 00:21:00 Cumulative 1.1 hours Start 2024.04.01 @ 16:59:11 End 2024.04.01 @ 17:21:27 Sessions 1 Manual Loads 0 Difficulty Rogue Special Mode None Game No. 3 Rogue 3 Adventurer 0 Explorer 0 Win Type - Total 0 Types 0/0/0/0/0/0/0/0/0 Lore% 0 Gallery% 4 Achievement% 4 Wizard Run 0 Options --------- Layout 1 ASCII 0 Keyboard 0 Movement Arrows Keybinds 0 Fullscreen 1 Font 20/SmallcapsGlow Map View 56x45 Zoom Use 31% Tactical HUD 0 Map Filters NONE Filters NONE Steam 1 RUN: 82c36d41-453e-48c2-829b-c280a576886e